 Dungeon Crawl Stone Soup version 0.19.1 (webtiles) character file.

7292 nicanaca0 the Cleaver (level 10, -10/91 HPs)
             Began as a Minotaur Berserker on Dec 23, 2016.
             Was a High Priest of Trog.
             Mangled by a troll (12 damage)
             ... on level 9 of the Dungeon on Dec 24, 2016.
             The game lasted 00:19:23 (10002 turns).

nicanaca0 the Cleaver (Minotaur Berserker)         Turns: 10002, Time: 00:19:23

Health: -10/91     AC: 10    Str: 22    XL:     10   Next: 89%
Magic:  9/9        EV:  8    Int:  6    God:    Trog [*****.]
Gold:   510        SH:  7    Dex: 11    Spells: 0 memorised, 9 levels left

rFire  . . .     SeeInvis .     a - +2 war axe (venom)
rCold  . . .     Gourm    .     E - +0 chain mail
rNeg   . . .     Faith    .     W - +0 shield
rPois  .         Spirit   .     (helmet restricted)
rElec  .         Reflect  .     (no cloak)
rCorr  .         Harm     .     (no gloves)
MR     ++++.                    (no boots)
Stlth  ..........               (no amulet)
                                O - ring of protection from magic {MR+, !d}
                                P - ring of protection from magic {MR+, !d}

@: regenerating
A: retaliatory headbutt, horns 2
a: Berserk, Trog's Hand, Brothers in Arms, Burn Spellbooks, Renounce Religion


You were on level 9 of the Dungeon.
You worshipped Trog.
Trog was extremely pleased with you.
You were hungry.

You visited 1 branch of the dungeon, and saw 9 of its levels.

You collected 510 gold pieces.

Inventory:

Hand Weapons
 a - a +2 war axe of venom (weapon)
   (You took it off an orc on level 7 of the Dungeon)
 b - a +3 antimagic broad axe
   (Trog gifted it to you on level 8 of the Dungeon)
Missiles
 c - 8 tomahawks
 x - 181 stones (quivered)
Armour
 E - a +0 chain mail (worn)
   (You took it off an orc priest on level 8 of the Dungeon)
 W - a +0 shield (worn)
   (You found it on level 3 of the Dungeon)
Magical Staves
 m - an uncursed staff of energy {unknown}
   (You found it on level 2 of the Dungeon)
 p - an uncursed staff of death {unknown}
   (You found it on level 5 of the Dungeon)
Jewellery
 I - a +4 ring of strength
   (You found it on level 3 of the Dungeon)
 O - a ring of protection from magic (right hand) {MR+, !d}
   (You found it on level 7 of the Dungeon)
 P - a ring of protection from magic (left hand) {MR+, !d}
   (You found it on level 9 of the Dungeon)
Wands
 C - a wand of lightning (11/15)
   (You found it on level 4 of the Dungeon)
 V - a wand of slowing (29/48)
   (You found it on level 6 of the Dungeon)
Scrolls
 g - 2 scrolls of noise {unknown}
 h - 9 scrolls of amnesia {unknown}
 i - 3 scrolls of teleportation {unknown}
 j - 5 scrolls of identify {unknown}
 k - 6 scrolls of remove curse {unknown}
 r - a scroll of fog {unknown}
 u - a scroll of recharging {unknown}
 v - a scroll of magic mapping {unknown}
 y - a scroll of enchant weapon {unknown}
 B - a scroll of enchant armour {unknown}
 D - 2 scrolls of blinking {unknown}
 F - a scroll of vulnerability {unknown}
 H - 2 scrolls of random uselessness {unknown}
Potions
 f - 2 potions of lignification {unknown}
 l - 2 potions of heal wounds
 n - a potion of resistance {unknown}
 o - 2 potions of agility
 q - a potion of brilliance {unknown}
 t - 4 potions of curing {unknown}
 z - a potion of magic {unknown}
 A - 6 potions of flight {unknown}
Comestibles
 e - 4 fruits
 s - 3 meat rations {@e2}
 w - 7 bread rations {@e1}
 G - 2 slices of pizza


   Skills:
 + Level 9.1 Fighting
 * Level 14.2 Axes
 + Level 8.2 Armour
 + Level 7.6 Dodging


You had 9 spell levels left.
You didn't know any spells.

Dungeon Overview and Level Annotations

Branches:
Dungeon (9/15)             Temple (0/1) D:7            Lair (0/6) D:8
    Orc (0/2) D:9

Altars:
Kikubaaqudgha
Nemelex Xobeh
Okawaru
Qazlal
Ru
Sif Muna
The Shining One

Shops:
D:7 [


Innate Abilities, Weirdness & Mutations

You reflexively headbutt those who attack you in melee.
You have a pair of horns on your head.


Message History

You closely miss the killer bee.
You feel sick. You block the killer bee's attack.
The killer bee stings you but does no damage.
You slash the killer bee!
You kill the killer bee!
Trog accepts your kill.
You feel sick.
Unknown command.
You feel sick.
You start resting.
You feel sick. x20
You are no longer poisoned.
You start resting.
Some of the chunks of flesh in your inventory have rotted away. x2
Eating one of 8 chunks of flesh {@e0}.
You start eating one of the 8 chunks of flesh {@e0}.
You are feeling hungry.
All of the chunks of flesh in your inventory have rotted away.
You now have 484 gold pieces (gained 12).
w - 7 bread rations {@e1} (gained 1)
You now have 500 gold pieces (gained 16).
You now have 510 gold pieces (gained 10).
Found a stone staircase leading up. 5 orcs, an orc warrior and a troll come into view.
The orc shouts! x3; The orc warrior shouts!
The orc shouts! x2
The orc moves out of view.
Found a slice of pizza.
Found a staircase to the Orcish Mines.
An orc warrior comes into view. It is wielding a trident.
Okay, then.
Okay, then.
An orc comes into view. It is wielding a war axe.
The orc warrior shouts!
The orc shouts!
Okay, then.
The orc warrior hits you with a battleaxe!
You slash the orc warrior!
The orc warrior is poisoned.
Your chain mail prevents you from hitting the orc.
The orc hits you but does no damage.
You hit the orc warrior.
The orc warrior looks as sick as possible!
You closely miss the orc. You block the orc's attack.
The orc warrior hits you with a battleaxe!
You hit the orc warrior.
The orc warrior looks as sick as possible!
You hit the orc.
The orc is poisoned.
You hit the orc. x2
The orc is poisoned.
You kill the orc!
Trog accepts your kill. The orc completely misses you.
The orc hits you but does no damage.
You hit the orc warrior. You closely miss the orc. You barely miss the orc.
The orc warrior hits you with a battleaxe!
You block the orc warrior's attack.
You kill the orc warrior!
Trog accepts your kill. The orc hits you but does no damage.
The orc throws a tomahawk.
The tomahawk hits you.
You see here a tomahawk.
You slice the orc!!
You kill the orc!
Trog accepts your kill.
The orc throws a tomahawk.
The tomahawk hits you but does no damage.
You block the orc warrior's attack. The troll bites you but does no damage.
The troll barely misses you. The troll claws you but does no damage.
The orc warrior hits you but does no damage.
You slash the troll! The troll completely misses you.
You block the troll's attack. The troll claws you but does no damage.
You closely miss the troll. Your headbutt misses the troll.
You closely miss the orc. You block the orc warrior's attack.
The troll bites you. The troll barely misses you. You block the troll's attack.
The orc hits you.
You hit the troll.
The troll is poisoned.
Your headbutt misses the troll. The troll bites you but does no damage.
The troll closely misses you. The troll claws you!
You are too injured to fight recklessly!
You are too injured to fight recklessly!
You are too injured to fight recklessly!
You are too injured to fight recklessly!
You closely miss the troll. Your headbutt misses the troll.
You block the troll's attack. The troll claws you but does no damage.
You block the troll's attack.
You slash the troll!
The troll looks as sick as possible!
The troll bites you!
* * * LOW HITPOINT WARNING * * *
The troll claws you but does no damage. The troll barely misses you.
You hit the troll. The troll bites you!
* * * LOW HITPOINT WARNING * * *
The troll claws you but does no damage. You block the troll's attack.
Your skin crawls.
You feel resistant to hostile enchantments.
You are feeling hungry.
You block the troll's attack. x2; The troll barely misses you.
You closely miss the troll. You block the orc warrior's attack.
You hit the troll but do no damage. You headbutt the troll.
The troll bites you!
* * * LOW HITPOINT WARNING * * *
You block the troll's attack. The troll claws you but does no damage.
The orc warrior hits you from afar with a trident!
* * * LOW HITPOINT WARNING * * *
Your shield prevents you from hitting the troll.
The troll bites you!
You die...

.#...........#. #...#
............... #...#
..8....>....8.. #...#
..............# #...#
#.....o.....# #...# #....%8.....#
#...# #####. #.o)..#
###########...##
......#####).#####...............
...........ooooTH..<.............
#################################


You could see a troll, an orc warrior and 3 orcs.

Vanquished Creatures
  Pikel (D:5)
  A centaur skeleton (D:8)
  2 hellwings (D:8)
  The ghost of junkhipster the Shield-Bearer, an amateur FoFi (D:3)
  Grinder (D:3)
  Sigmund (D:5)
  2 wyverns
  A hungry ghost (D:9)
  2 wargs (D:8)
  A water moccasin (D:5)
  A slave (D:5)
  An ice beast (D:7)
  2 orc warriors
  A phantom (D:7)
  2 sky beasts
  3 ogres
  3 centaurs
  A crocodile (D:9)
  2 wyvern zombies
  Blork the orc (D:4)
  6 bullfrogs
  A wyvern skeleton (D:8)
  4 scorpions
  10 killer bees
  A bullfrog zombie (D:5)
  A crimson imp (D:6)
  4 centaur zombies
  5 hounds
  3 jellies
  8 orc priests
  A gnoll shaman (D:6)
  7 orc wizards
  2 bullfrog skeletons
  7 worker ants
  A killer bee zombie (D:7)
  A hound zombie (D:7)
  3 hound skeletons
  A worker ant zombie (D:8)
  5 adders
  4 gnolls
  A howler monkey skeleton (D:4)
  5 shadow imps
  3 oozes
  2 worms
  3 dart slugs
  6 leopard geckos
  33 orcs
  10 bats
  3 giant cockroaches
  4 goblins
  10 hobgoblins
  14 jackals
  10 kobolds
  3 quokkas
  2 ball pythons
  4 frilled lizards
  A leopard gecko zombie (D:5)
  2 quokka skeletons
  5 rats
226 creatures vanquished.

Vanquished Creatures (others)
  A slave (D:5)
  An ogre (D:5)
  A centaur (D:5)
  A scorpion (D:5)
  4 orcs (D:5)
  A withered plant (D:8)
9 creatures vanquished.

Grand Total: 235 creatures vanquished

Notes
Turn   | Place    | Note
-------+----------+-------------------------------------------
     0 | D:1      | nicanaca0 the Minotaur Berserker began the quest for the Orb.
     0 | D:1      | Reached XP level 1. HP: 19/19 MP: 0/0
    92 | D:1      | Reached skill level 4 in Axes
    95 | D:1      | HP: 4/19 [ooze (4)]
    96 | D:1      | Reached XP level 2. HP: 6/26 MP: 1/1
   761 | D:1      | Reached skill level 5 in Axes
   877 | D:1      | HP: 6/26 [worker ant (2)]
   878 | D:1      | Reached XP level 3. HP: 7/31 MP: 2/2
  1488 | D:2      | Reached ** piety under Trog
  1807 | D:2      | Reached XP level 4. HP: 39/39 MP: 3/3
  1958 | D:2      | Reached skill level 6 in Axes
  2318 | D:3      | Noticed junkhipster's ghost (amateur FoFi)
  2325 | D:3      | Killed junkhipster's ghost
  2325 | D:3      | Reached skill level 8 in Axes
  2325 | D:3      | Reached XP level 5. HP: 39/45 MP: 4/4
  2325 | D:3      | Reached XP level 6. HP: 44/51 MP: 5/5
  2464 | D:3      | Noticed Grinder
  2473 | D:3      | Killed Grinder
  2473 | D:3      | Reached skill level 9 in Axes
  2857 | D:3      | Reached XP level 7. HP: 56/57 MP: 6/6
  3331 | D:4      | Reached *** piety under Trog
  3351 | D:4      | Reached skill level 4 in Fighting
  3395 | D:4      | Reached skill level 10 in Axes
  3850 | D:4      | Found an iron altar of Okawaru.
  3856 | D:4      | Reached skill level 3 in Armour
  3857 | D:4      | Reached skill level 3 in Dodging
  4014 | D:4      | Found a sacrificial altar of Ru.
  4015 | D:4      | Noticed Blork the orc
  4025 | D:4      | Killed Blork the orc
  4244 | D:4      | Found an ancient bone altar of Kikubaaqudgha.
  4549 | D:5      | Entered Level 5 of the Dungeon
  4549 | D:5      | Noticed Pikel
  4554 | D:5      | Noticed Sigmund
  4558 | D:5      | Killed Pikel
  4558 | D:5      | Reached skill level 5 in Fighting
  4558 | D:5      | Reached skill level 11 in Axes
  4558 | D:5      | Reached skill level 4 in Armour
  4558 | D:5      | Reached skill level 4 in Dodging
  4558 | D:5      | Reached XP level 8. HP: 68/68 MP: 7/7
  4569 | D:5      | Killed Sigmund
  4792 | D:5      | Reached skill level 5 in Armour
  5452 | D:5      | Reached XP level 9. HP: 75/75 MP: 8/8
  5488 | D:5      | Reached skill level 6 in Fighting
  5672 | D:5      | Reached skill level 5 in Dodging
  5773 | D:6      | HP: 19/77 [something (5)]
  5775 | D:6      | Reached skill level 12 in Axes
  6186 | D:6      | Reached **** piety under Trog
  6207 | D:6      | Found a glowing golden altar of the Shining One.
  6619 | D:7      | Reached skill level 6 in Armour
  6627 | D:7      | Reached skill level 7 in Fighting
  6949 | D:7      | Reached skill level 6 in Dodging
  7035 | D:7      | Found Eliotz's Antique Armour Shop.
  7088 | D:7      | Found a stormy altar of Qazlal.
  7136 | D:7      | Found a staircase to the Ecumenical Temple.
  7278 | D:7      | Found a deep blue altar of Sif Muna.
  8084 | D:8      | Reached skill level 13 in Axes
  8084 | D:8      | Reached skill level 7 in Armour
  8084 | D:8      | Reached XP level 10. HP: 80/88 MP: 9/9
  8138 | D:8      | HP: 21/88 [hellwing (5)]
  8138 | D:8      | HP: 9/88 [wyvern skeleton (10)]
  8141 | D:8      | Reached skill level 8 in Fighting
  8144 | D:8      | HP: 27/132 [wyvern skeleton (4)]
  8149 | D:8      | HP: 8/132 [hellwing (11)]
  8155 | D:8      | Reached skill level 7 in Dodging
  8165 | D:8      | HP: 14/89 [warg (8)]
  8167 | D:8      | HP: 3/89 [warg (5)]
  8168 | D:8      | Reached ***** piety under Trog
  8218 | D:8      | HP: 15/89 [orc wizard/magic dart (2)]
  8219 | D:8      | Found a sparkling altar of Nemelex Xobeh.
  8746 | D:8      | Received a gift from Trog
  8953 | D:8      | Found a staircase to the Lair.
  9299 | D:9      | Reached skill level 14 in Axes
  9451 | D:9      | Reached skill level 8 in Armour
  9508 | D:9      | Reached skill level 9 in Fighting
  9979 | D:9      | Found a staircase to the Orcish Mines.
  9998 | D:9      | HP: 21/91 [troll (9)]
 10001 | D:9      | HP: 1/91 [orc warrior/trident (13)]
 10002 | D:9      | Mangled by a troll

Skill      XL: |  1  2  3  4  5  6  7  8  9 10 |
---------------+-------------------------------+-----
Axes           | 4 5 8 9 11 13 14 | 14.2
Fighting       | 5 7 9 |  9.1
Armour         | 4 5 7 8 |  8.2
Dodging        | 4 6 7 |  7.6

Action                   |  1- 3 |  4- 6 |  7- 9 | 10-12 || total
-------------------------+-------+-------+-------+-------++-------
Melee: Hand axe          |    69 |    49 |     6 |       ||   124
       Headbutt          |    10 |    11 |    51 |    38 ||   110
       War axe           |       |       |   270 |   148 ||   418
Invok: Berserk           |       |     2 |     3 |     1 ||     6
       Trog's Hand       |       |       |     2 |     2 ||     4
  Use: Potion            |       |       |       |     1 ||     1
 Stab: Distracted        |       |       |     1 |       ||     1
  Eat: Chunk             |     2 |     5 |    14 |     5 ||    26
       Beef jerky        |       |     1 |       |       ||     1
       Meat ration       |       |       |     1 |     1 ||     2
Armor: Animal skin       |    14 |       |       |       ||    14
       Ring mail         |       |    11 |    49 |    15 ||    75
       Chain mail        |       |       |       |    35 ||    35
Dodge: Dodged            |    53 |    15 |   113 |    64 ||   245
Block: Shield            |       |     7 |   104 |    71 ||   182

Vault maps used:
D:1:      dpeg_arrival_snail, nrook_loot_triangle
D:2:      first_bread, grunt_ministairs_1
D:3:      minmay_misc_feat_doors, uniq_grinder
D:4:      grunt_temple_overflow_open, lemuel_crystal_altar, uniq_blork_the_orc
D:5:      uniq_pikel, uniq_sigmund
D:6:      kennysheep_mini_moat, kennysheep_generic_room_15
D:7:      marbit_many_paths, basic_altar, serial_shops,
          nicolae_shop_behind_doors
D:8:      cheibrodos_grave_circle, kennysheep_mini, erik_lair_orcish_takeover
D:9:      david_orc_2

Table legend:
 A = Turns spent in this place as a percentage of turns spent in the entire game.
 B = Non-inter-level travel turns spent in this place as a percentage of non-inter-level travel turns spent in the entire game.
 C = Inter-level travel turns spent in this place as a percentage of turns spent in this place.
 D = Turns resting spent in this place as a percentage of non-inter-level travel turns spent in this place.
 E = Turns spent auto-exploring this place as a percentage of non-inter-level travel turns spent in this place.
 F = Non-inter-level travel turns spent in this place divided by the number of levels of this place that you've seen.
                   A       B       C       D       E      F
               +-------+-------+-------+-------+-------+----------------------
         Total | 100.0 | 100.0 |   0.9 |   4.2 |  12.7 | 191.0
       Dungeon | 100.0 | 100.0 |   0.9 |   4.2 |  12.7 | 191.0
               +-------+-------+-------+-------+-------+----------------------

Table legend:
 A = Kills in this place as a percentage of kills in entire the game.
 B = Kills by you in this place as a percentage of kills by you in the entire game.
 C = Kills by friends in this place as a percentage of kills by friends in the entire game.
 D = Other kills in this place as a percentage of other kills in the entire game.
 E = Experience gained in this place as a percentage of experience gained in the entire game.
 F = Experience gained in this place divided by the number of levels of this place that you have seen.
                   A       B       C       D       E      F
               +-------+-------+-------+-------+-------+----------------------
         Total | 100.0 | 100.0 |  -nan | 100.0 | 100.0 | 1157.6
       Dungeon | 100.0 | 100.0 |  -nan | 100.0 | 100.0 | 1157.6
               +-------+-------+-------+-------+-------+----------------------
